 Dungeon Crawl Stone Soup version 0.30-a0-123-g91d0c66ccf (webtiles) character file.

Game seed: 5946405893035704826

5212 jlumianski the Cleaver (level 10, -1/60 HPs)
             Began as a Gargoyle Gladiator on Sept 17, 2022.
             Was a Priest of Qazlal.
             Slain by an orc warrior
             ... wielding a +0 war axe
              (23 damage)
             ... in a bailey on Sept 18, 2022.
             The game lasted 00:34:07 (7584 turns).

jlumianski the Cleaver (Gargoyle Gladiator)         Turns: 7584, Time: 00:34:09

Health: -1/60      AC: 29    Str: 22    XL:     10   Next: 61%
Magic:  10/15      EV:  7    Int:  9    God:    Qazlal [***...]
Gold:   445        SH:  4    Dex: 11    Spells: 9/9 levels left

rFire   . . .      SeeInvis .    F - +1 broad axe (flame)
rCold   + . .      Faith    .    (no shield)
rNeg    + . .      Spirit   .    v - +0 plate armour
rPois   ∞          Reflect  .    c - +2 helmet
rElec   +          Harm     .    H - +2 cloak
rCorr   .          Rampage  .    j - +2 pair of gloves
Will    .....                    (no boots)
Stlth   ..........               f - amulet of regeneration
HPRegen 1.00/turn                I - ring of protection from cold
MPRegen 0.14/turn                (no ring)

@: no status effects
A: sickness immunity, AC +7, negative energy resistance 1, electricity
resistance, torment resistance 1, petrification resistance
a: Renounce Religion, Upheaval, Elemental Force


You were in a bailey.
You worshipped Qazlal.
Qazlal was most pleased with you.
You visited 1 branch of the dungeon, and saw 8 of its levels.
You also visited: Bailey.

You collected 445 gold pieces.

Inventory:

Hand Weapons
 a - a +1 war axe of electrocution
 E - a +2 whip of flaming
 F - a +1 broad axe of flaming (weapon)
 N - a +0 longbow
Missiles
 d - 5 throwing nets
 e - a javelin
 r - 11 boomerangs
 w - 5 atropa-tipped darts
 C - 4 poisoned darts
 K - 3 silver javelins (quivered)
Armour
 b - a +0 leather armour
 c - a +2 helmet (worn)
 j - a +2 pair of gloves (worn)
 n - a +0 scale mail
 s - the +4 robe of Fun and Games {Fly rPois}
   (You took it off a kobold on level 4 of the Dungeon)

   rPois:     It protects you from poison.
   Fly:       It grants you flight.
 v - a +0 plate armour (worn)
 x - a scarf of invisibility
 y - a +0 chain mail
 D - the +0 cloak of Dubewk {rCorr Str-2 SInv}
   (You found it on level 2 of the Dungeon)

   Str:       It affects your strength (-2).
   SInv:      It lets you see invisible.
   rCorr:     It protects you from acid and corrosion.
 H - a +2 cloak (worn)
Jewellery
 f - an amulet of regeneration (around neck)
 I - a ring of protection from cold (left hand)
Wands
 G - a wand of polymorph (5)
 J - a wand of flame (25)
 L - a wand of light (2)
Scrolls
 l - a scroll of vulnerability
 m - 3 scrolls of fear
 q - 5 scrolls of teleportation
 t - a scroll of immolation
 O - a scroll of identify
Potions
 g - 2 potions of berserk rage
 h - 2 potions of mutation
 i - 2 potions of attraction
 k - 5 potions of heal wounds
 o - a potion of brilliance
 p - a potion of cancellation
 u - 2 potions of flight
 z - 2 potions of haste
 A - 2 potions of magic
 B - a potion of curing
 M - a potion of might {unknown}


   Skills:
 + Level 5.9 Fighting
 + Level 9.1 Axes
 - Level 2.0 Throwing
 + Level 5.5 Armour
 + Level 3.5 Dodging
 + Level 1.9 Stealth
 + Level 3.2 Shields
 * Level 6.8 Invocations
 * Level 5.0 Evocations


You had 9 spell levels left.
You didn't know any spells.
Your spell library contained the following spells:

 Spells                   Type           Power      Damage    Failure   Level
 Foxfire                  Conj/Fire      0%         2x1d4     100%        1
 Magic Dart               Conj           0%         1d3       100%        1
 Shock                    Conj/Air       0%         1d3       100%        1
 Call Imp                 Summ           0%         N/A       100%        2
 Gell's Gravitas          Tloc           0%         N/A       100%        3
 Inner Flame              Hex/Fire       0%         N/A       100%        3
 Kindle Blastsparks       Fire/Tloc/Air  0%         2d10      100%        3
 Lesser Beckoning         Tloc           0%         N/A       100%        3
 Mephitic Cloud           Conj/Pois/Air  0%         N/A       100%        3
 Swiftness                Air            0%         N/A       100%        3
 Teleport Other           Tloc           0%         N/A       100%        3
 Airstrike                Air            0%         2d(0-16)  100%        4
 Flame Wave               Conj/Fire      0%         2d4       100%        4


Dungeon Overview and Level Annotations

Branches:
Dungeon (8/15)             Temple (0/1) D:6          Bailey (1/1)
   Lair: D:8-11

Altars:
Elyvilon
Qazlal
Zin
The Shining One


Innate Abilities, Weirdness & Mutations

You are immune to sickness and miasma.
Your stone body is resilient. (AC +7)
You are immune to poison.
You resist negative energy. (rN+)
You are resistant to electric shocks. (rElec)
You are resistant to unholy torment.
You are immune to petrification.


Message History

The orc warrior hits you with a +0 war axe!
You slice the orc warlord!! You burn the orc warlord.
The orc warlord is severely wounded.
You hit the orc warrior but do no damage.
The orc warlord hits you with a +4 battleaxe!
You block the orc warrior's attack.
You catch the helpless orc warlord completely off-guard!
You hit the orc warlord but do no damage.
The orc warlord is severely wounded.
You hit the orc warrior. You burn the orc warrior.
The orc warlord hits you with a +4 battleaxe!
The orc warrior barely misses you.
Okay, then.
Okay, then.
You hit the orc warlord. You burn the orc warlord.
The orc warlord is severely wounded.
You slash the orc warrior! You burn the orc warrior.
The orc warlord hits you with a +4 battleaxe.
* * * LOW HITPOINT WARNING * * *
The orc warrior hits you with a +0 war axe!
* * * LOW HITPOINT WARNING * * *
Okay, then.
You feel much better.
The orc warlord hits you but does no damage.
The orc warrior hits you but does no damage.
You hit the orc warlord but do no damage.
You punch the orc warlord, but do no damage.
The orc warlord is severely wounded.
You hit the orc warrior but do no damage.
The orc warlord closely misses you.
The orc warrior yells repeatedly.
The orc warrior hits you with a +0 war axe!
The orc warlord barely misses you.
You strike the helpless orc warlord from behind!
You hit the orc warlord. You burn the orc warlord.
The orc warlord is severely wounded.
You hit the orc warrior. You burn the orc warrior.
The orc warlord is no longer blind.
The orc warrior hits you with a +0 war axe!!
You die...

.##.........##.....##
..#.o.......#...))).#
..##......o##....)).##
...#...... #.........#
...###.(. ##.........##
....###)###.....⌠.....#
...##88.88##.........##
...#.......#...§.....#
..##.....))##.)o@☼..##
..+...((.)..'))o§...#
.##...)...).##.....##
##.....⌠.....#######
##.........##
#.........# ##.......##
#.......# ##..∩..##


You could see an orc warlord and an orc warrior (strong).

Vanquished Creatures
  Pikel (D:5)
  An orc knight (Bailey)
  A hornet (D:8)
  Sigmund (D:5)
  A wyvern (D:7)
  2 steam dragons
  Duvessa (D:7)
  13 orc warriors
  A black bear (D:6)
  A sky beast (D:6)
  A centaur (D:6)
  2 ogres
  A gnoll sergeant (D:4)
  3 scorpions
  A necrophage (D:8)
  6 wights
  Dowan (D:7)
  3 electric eels (D:5)
  5 howler monkeys
  Crazy Yiuf (D:5)
  3 orc priests
  2 gnoll boudas (D:5)
  A hound (D:4)
  2 jellies (D:6)
  3 iguanas
  3 orc wizards (D:7)
  22 gnolls
  7 adders
  An ufetubus (D:7)
  5 worms
  A dart slug (D:1)
  19 orcs
  4 ball pythons
  2 bats
  7 endoplasms
  3 giant cockroaches
  17 goblins
  16 hobgoblins
  6 jackals
  6 kobolds
  2 quokkas
  2 frilled lizards
  2 rats
183 creatures vanquished.

Vanquished Creatures (others)
  2 fungi (D:5)
  A plant (D:5)
3 creatures vanquished.

Grand Total: 186 creatures vanquished

Notes
Turn   | Place    | Note
-------+----------+-------------------------------------------
     0 | D:1      | jlumianski the Gargoyle Gladiator began the quest for the
                  | Orb.
     0 | D:1      | Reached XP level 1. HP: 12/12 MP: 1/1
   317 | D:1      | Reached XP level 2. HP: 17/17 MP: 2/2
   546 | D:3      | Reached skill level 3 in Axes
   912 | D:5      | Entered Level 5 of the Dungeon
   912 | D:5      | Noticed Sigmund
  1061 | D:1      | Reached XP level 3. HP: 20/22 MP: 3/3
  1741 | D:3      | Found a stormy altar of Qazlal.
  1748 | D:3      | Became a worshipper of Qazlal Stormbringer
  1781 | D:3      | Reached skill level 1 in Armour
  1781 | D:3      | Reached XP level 4. HP: 27/27 MP: 4/4
  2211 | D:2      | Found a faded altar of an unknown god.
  2467 | D:2      | Identified the +0 cloak of Dubewk {rCorr Str-2 SInv}
  2966 | D:3      | Reached skill level 1 in Invocations
  3374 | D:4      | Reached * piety under Qazlal
  3375 | D:4      | Reached XP level 5. HP: 28/31 MP: 5/5
  3821 | D:4      | Found a glowing silver altar of Zin.
  3821 | D:4      | Found a glowing golden altar of the Shining One.
  3821 | D:4      | Found a white marble altar of Elyvilon.
  3910 | D:5      | Noticed Pikel
  3910 | D:5      | Noticed a lemure
  3910 | D:5      | Noticed a lemure
  3910 | D:5      | Noticed a lemure
  3910 | D:5      | Noticed a lemure
  3923 | D:4      | Reached skill level 4 in Axes
  3984 | D:4      | Reached skill level 1 in Evocations
  3984 | D:4      | Reached XP level 6. HP: 36/36 MP: 7/7
  4119 | D:4      | Identified the +4 robe of Fun and Games {Fly rPois}
  4480 | D:4      | Reached XP level 7. HP: 41/41 MP: 8/8
  4547 | D:5      | Killed Sigmund
  4548 | D:5      | Reached skill level 5 in Axes
  4662 | D:5      | Reached ** piety under Qazlal
  4783 | D:5      | Found a transporter.
  4836 | D:5      | Killed Pikel
  4837 | D:5      | Reached skill level 6 in Axes
  4837 | D:5      | Reached skill level 1 in Stealth
  4837 | D:5      | Reached skill level 1 in Shields
  4837 | D:5      | Reached XP level 8. HP: 39/48 MP: 10/10
  4903 | D:5      | Found a transporter.
  5084 | D:5      | Found a runed translucent door.
  5085 | D:5      | Noticed Crazy Yiuf
  5658 | D:5      | Killed Crazy Yiuf
  5964 | D:6      | Reached skill level 7 in Axes
  5964 | D:6      | Reached XP level 9. HP: 43/52 MP: 12/12
  6337 | D:6      | Noticed an angel
  6346 | D:6      | Found a staircase to the Ecumenical Temple.
  6531 | D:6      | Noticed a rust devil
  6721 | D:7      | Noticed Duvessa
  6760 | D:6      | Reached skill level 5 in Invocations
  6777 | D:7      | Noticed Dowan
  6780 | D:7      | Killed Duvessa
  6807 | D:7      | Killed Dowan
  6922 | D:7      | Reached skill level 5 in Fighting
  7102 | D:8      | Noticed a hornet
  7109 | D:8      | Reached *** piety under Qazlal
  7110 | D:8      | Reached skill level 8 in Axes
  7117 | D:8      | Killed a hornet
  7118 | D:8      | Reached XP level 10. HP: 53/59 MP: 10/14
  7121 | D:8      | Reached skill level 5 in Armour
  7159 | D:8      | Found a flagged portal.
  7186 | Bailey   | Entered a bailey
  7447 | Bailey   | Noticed an orc knight
  7483 | Bailey   | Killed an orc knight
  7549 | Bailey   | Noticed an orc warlord
  7561 | Bailey   | Reached skill level 9 in Axes
  7577 | Bailey   | Reached skill level 5 in Evocations
  7584 | Bailey   | Slain by an orc warrior

Illustrated notes

Levels and vault maps discovered:
D:1:      heliophobic_arrival_dark_side_of_the_moon, layout_loops_ring
D:2:      layout_loops_corners, shapermc_ecumenical_altar_starsandcircs
D:3:      layout_basic, mainiacjoe_overflow_chevrons
D:4:      layout_rooms, dreamdust_divine_triumvirate
D:5:      gammafunk_steamed_eel, layout_loops_corners, uniq_sigmund,
          uniq_crazy_yiuf_cottage, uniq_pikel
D:6:      black_bear_nest_2, layout_basic, temple_garden, minmay_misc_feat_room
D:7:      layout_loops_ring, riverfiend_overflow_shadow_ancestor,
          chequers_temple_overflow_statue_of_worship, uniq_duvessa
D:8:      minmay_skewed_foursquare, layout_loops_cross,
          mainiacjoe_overflow_cross_hatched, enter_bailey_5,
          ebering_dispersal_statue_hall
Bailey:   bailey_axe_minmay_hex_keep, bailey

Skill      XL: |  1  2  3  4  5  6  7  8  9 10 |
---------------+-------------------------------+-----
Axes           | 3 4 6 7 8 9 |  9.1
Throwing       | 2 |  2.0
Armour         | 1 2 3 4 5 |  5.5
Invocations    | 1 2 3 4 6 |  6.8
Evocations     | 1 2 4 5 |  5.0
Fighting       | 3 4 5 |  5.9
Dodging        | 3 |  3.5
Stealth        | 1 |  1.9
Shields        | 1 2 3 |  3.2

Action                   |  1- 3 |  4- 6 |  7- 9 | 10-12 || total
-------------------------+-------+-------+-------+-------++-------
Melee: War axe           |    65 |   139 |   206 |    94 ||   504
       Punch             |       |     1 |     4 |     3 ||     8
       Broad axe         |       |       |       |    13 ||    13
Throw: Boomerang         |     1 |    10 |       |       ||    11
       Dart              |       |       |    12 |     1 ||    13
       Javelin           |       |       |     2 |     2 ||     4
Invok: Upheaval          |       |       |     1 |     3 ||     4
       Elemental Force   |       |       |       |     1 ||     1
Evoke: Wand              |       |       |       |     2 ||     2
  Use: Scroll            |       |    15 |     6 |     2 ||    23
       Potion            |       |     4 |     1 |     1 ||     6
 Stab: Invisible         |       |       |     1 |     2 ||     3
Armor: Scale mail        |    35 |    23 |       |       ||    58
       Leather armour    |     4 |       |       |       ||     4
       Chain mail        |       |    72 |   153 |    27 ||   252
       Plate armour      |       |       |       |    60 ||    60
Dodge: Dodged            |    47 |    70 |    84 |    57 ||   258
Block: Other             |       |     7 |    17 |    23 ||    47

Table legend: (Time is in decaauts)
 A = Elapsed time spent in this place.
 B = Non-inter-level travel time spent in this place.
 C = Inter-level travel time spent in this place.
 D = Time resting spent in this place.
 E = Time spent auto-exploring this place.
 F = Levels seen in this place.
 G = Mean time per level.
                   A        B        C        D        E       F      G
               +--------+--------+--------+--------+--------+-----+--------+
         Total |   7716 |   7563 |    153 |   1125 |   3519 |   9 |  857.3 |
       Dungeon |   7311 |   7158 |    153 |   1125 |   3507 |   8 |  913.9 |
        Bailey |    405 |    405 |      0 |      0 |     12 |   1 |  405.0 |
               +--------+--------+--------+--------+--------+-----+--------+

Top non-repeatable levels by time:
     D:5: 1577 daAuts
     D:3: 1486 daAuts
     D:1: 1087 daAuts
     D:2: 971 daAuts
     D:6: 874 daAuts
     D:4: 860 daAuts
  Bailey: 405 daAuts
     D:7: 284 daAuts
     D:8: 168 daAuts
